[ AOE2 MATCH · #505491400 ]
UnrankedPortuguese vs Turks
Rival team · LOSS
[ REPLAY ANALYSIS · EXTRACTED FROM THE RECORDED GAME ]
Feudal
10:32
Castle
24:03
Imperial
—
| APM avg | 65.1 |
| APM peak | 99 |
| eAPM avg | 22.1 |
| Villagers / military | 78 / 81 |
Focus
⚔️ 42.1% · 🌾 57.9%
Archer ×43 · Spearman ×19 · Militia ×14 · Monk ×5
Feudal
8:33
Castle
23:16
Imperial
—
| APM avg | 78.7 |
| APM peak | 122 |
| eAPM avg | 30.6 |
| Villagers / military | 78 / 53 |
Focus
⚔️ 46.8% · 🌾 53.2%
Scout Cavalry ×34 · Skirmisher ×11 · Mangonel ×5 · Archer ×3
Match map
Initial resources + every placement click. Lines = walls · curves = elevation contours. ◆ gold · ⬟ stone · ● berries · ✦ relic · ◌ wall gap
Your base· Open — 4t gap
DGHIR | chanchilaru's base· Open — unwalled flank
Smoothed initial terrain · ◌ = detected wall gap · hover for details
Inputs per minute
— JOJO ROAD ROLLER - - DGHIR | chanchilaru
Build order — JOJO ROAD ROLLER
First 150 of 270 actions detected
| 0:00 | Create | Villager (Male) ×4 |
| 0:01 | Build | House |
| 0:02 | Build | House |
| 1:28 | Create | Villager (Male) |
| 1:45 | Build | Lumber Camp |
| 1:53 | Create | Villager (Male) |
| 2:22 | Create | Villager (Male) |
| 2:47 | Create | Villager (Male) |
| 3:09 | Create | Villager (Male) |
| 3:32 | Create | Villager (Male) |
| 3:47 | Create | Villager (Male) |
| 3:47 | Create | Villager (Male) |
| 3:52 | Build | House |
| 4:03 | Create | Villager (Male) |
| 4:36 | Build | Barracks |
| 4:52 | Create | Villager (Male) |
| 4:52 | Create | Villager (Male) |
| 5:05 | Build | House |
| 5:31 | Create | Militia |
| 5:31 | Create | Militia |
| 5:36 | Create | Villager (Male) |
| 5:37 | Create | Militia |
| 6:01 | Build | House |
| 6:03 | Create | Militia |
| 6:08 | Research | Loom |
| 6:11 | Create | Villager (Male) |
| 6:11 | Research | Loom |
| 6:29 | Build | Mill |
| 6:35 | Create | Villager (Male) |
| 6:35 | Research | Loom |
| 7:12 | Create | Villager (Male) |
| 7:27 | Create | Villager (Male) |
| 7:54 | Build | Mill |
| 8:22 | Research | Feudal Age |
| 8:49 | Build | Lumber Camp |
| 9:25 | Build | Mining Camp |
| 9:40 | Build | House |
| 10:15 | Build | Palisade Wall |
| 10:16 | Build | Palisade Wall |
| 10:20 | Build | Palisade Wall |
| 10:20 | Build | Palisade Wall |
| 10:22 | Build | Palisade Wall |
| 10:32 | Age | Feudal Age |
| 10:35 | Create | Villager (Male) |
| 10:38 | Research | Man-at-Arms (upgrade) |
| 11:08 | Create | Villager (Male) |
| 11:14 | Create | Militia |
| 11:17 | Build | Farm |
| 11:19 | Build | Farm |
| 11:21 | Build | Farm |
| 11:29 | Create | Villager (Male) |
| 11:34 | Research | Double-Bit Axe |
| 11:36 | Build | Farm |
| 11:40 | Create | Militia |
| 11:59 | Build | Archery Range |
| 12:00 | Create | Spearman |
| 12:08 | Create | Villager (Male) |
| 12:17 | Create | Spearman |
| 12:24 | Create | Villager (Male) |
| 12:26 | Build | Farm |
| 12:27 | Build | Farm |
| 12:29 | Create | Villager (Male) |
| 12:33 | Build | House |
| 12:38 | Build | Palisade Wall |
| 12:42 | Build | Palisade Wall |
| 12:44 | Create | Villager (Male) |
| 12:51 | Create | Archer |
| 12:52 | Create | Archer |
| 12:55 | Build | Palisade Wall |
| 13:08 | Create | Villager (Male) |
| 13:24 | Create | Archer |
| 13:26 | Create | Spearman |
| 13:34 | Create | Villager (Male) |
| 14:12 | Create | Villager (Male) |
| 14:19 | Create | Militia |
| 14:20 | Create | Archer |
| 14:22 | Build | Farm |
| 14:24 | Build | Farm |
| 14:29 | Build | Blacksmith |
| 14:30 | Build | House |
| 14:30 | Build | House |
| 14:43 | Research | Town Watch |
| 14:51 | Create | Villager (Male) |
| 14:57 | Build | Farm |
| 15:03 | Build | Farm |
| 15:04 | Create | Villager (Male) |
| 15:14 | Build | House |
| 15:25 | Create | Villager (Male) |
| 15:31 | Build | House |
| 15:34 | Research | Fletching |
| 15:38 | Research | Arson |
| 15:42 | Create | Archer |
| 15:55 | Create | Archer |
| 15:56 | Create | Villager (Male) |
| 16:02 | Build | Farm |
| 16:03 | Build | Farm |
| 16:05 | Build | Farm |
| 16:11 | Build | Archery Range |
| 16:20 | Create | Archer |
| 16:31 | Research | Scale Mail Armor |
| 16:38 | Create | Militia |
| 16:54 | Create | Militia |
| 17:31 | Create | Militia |
| 17:32 | Create | Villager (Male) |
| 17:49 | Create | Militia |
| 17:50 | Create | Villager (Male) |
| 17:52 | Build | Farm |
| 17:53 | Build | Farm |
| 17:53 | Build | Farm |
| 17:53 | Build | Farm |
| 17:56 | Build | Farm |
| 17:57 | Build | Farm |
| 17:58 | Create | Villager (Male) |
| 18:02 | Create | Archer |
| 18:02 | Create | Archer |
| 18:07 | Create | Militia |
| 18:18 | Build | House |
| 18:19 | Build | Palisade Wall |
| 18:30 | Create | Militia |
| 18:32 | Create | Archer |
| 18:33 | Create | Archer |
| 18:44 | Research | Horse Collar |
| 18:50 | Create | Villager (Male) |
| 19:04 | Research | Forging |
| 19:08 | Create | Militia |
| 19:09 | Create | Villager (Male) |
| 19:38 | Create | Villager (Male) |
| 19:46 | Create | Villager (Male) |
| 20:14 | Create | Archer |
| 20:14 | Create | Archer |
| 20:15 | Build | House |
| 20:16 | Build | House |
| 20:17 | Build | House |
| 20:34 | Create | Archer |
| 20:34 | Create | Archer |
| 20:37 | Build | Farm |
| 20:37 | Build | Farm |
| 20:37 | Build | Farm |
| 20:53 | Build | Farm |
| 20:55 | Build | Farm |
| 21:00 | Create | Archer |
| 21:00 | Create | Archer |
| 21:19 | Build | Farm |
| 21:23 | Research | Castle Age |
| 21:51 | Research | Padded Archer Armor |
| 22:04 | Create | Archer |
| 22:04 | Create | Archer |
| 22:34 | Create | Archer |
| 22:34 | Create | Archer |
| 22:37 | Research | Gold Mining |
Build order — DGHIR | chanchilaru
First 150 of 231 actions detected
| 0:00 | Create | Villager (Male) |
| 0:00 | Create | Villager (Male) |
| 0:00 | Create | Villager (Male) |
| 0:01 | Create | Villager (Male) |
| 0:01 | Create | Villager (Male) |
| 0:02 | Build | House |
| 0:04 | Build | House |
| 1:34 | Create | Villager (Male) |
| 1:34 | Create | Villager (Male) |
| 2:01 | Create | Villager (Male) |
| 2:01 | Create | Villager (Male) |
| 2:19 | Create | Villager (Male) |
| 2:19 | Create | Villager (Male) |
| 2:27 | Build | Mill |
| 2:42 | Create | Villager (Male) |
| 2:42 | Create | Villager (Male) |
| 2:53 | Create | Villager (Male) |
| 2:54 | Create | Villager (Male) |
| 3:19 | Create | Villager (Male) |
| 3:19 | Create | Villager (Male) |
| 3:34 | Build | House |
| 3:38 | Create | Villager (Male) |
| 3:38 | Create | Villager (Male) |
| 3:39 | Create | Villager (Male) |
| 3:50 | Create | Villager (Male) |
| 3:50 | Create | Villager (Male) |
| 4:16 | Create | Villager (Male) |
| 4:17 | Create | Villager (Male) |
| 4:34 | Create | Villager (Male) |
| 4:34 | Create | Villager (Male) |
| 4:57 | Create | Villager (Male) |
| 4:57 | Create | Villager (Male) |
| 5:18 | Build | Lumber Camp |
| 5:23 | Create | Villager (Male) |
| 5:24 | Create | Villager (Male) |
| 5:24 | Create | Villager (Male) |
| 5:26 | Build | Palisade Wall |
| 6:23 | Research | Feudal Age |
| 6:24 | Research | Loom |
| 6:54 | Build | Palisade Wall |
| 6:55 | Build | Palisade Wall |
| 6:55 | Build | Palisade Wall |
| 6:56 | Build | Palisade Wall |
| 6:58 | Build | Palisade Wall |
| 7:01 | Build | Palisade Wall |
| 7:49 | Create | Villager (Male) |
| 7:55 | Build | Barracks |
| 8:01 | Build | Palisade Gate |
| 8:05 | Build | Palisade Wall |
| 8:33 | Age | Feudal Age |
| 8:39 | Build | House |
| 8:52 | Create | Villager (Male) |
| 9:00 | Build | Stable |
| 9:25 | Build | Palisade Wall |
| 9:30 | Create | Villager (Male) |
| 9:44 | Build | Mill |
| 9:54 | Build | House |
| 10:00 | Create | Scout Cavalry |
| 10:00 | Create | Scout Cavalry |
| 10:00 | Create | Scout Cavalry |
| 10:02 | Build | House |
| 10:05 | Build | Farm |
| 10:13 | Build | Palisade Wall |
| 10:32 | Create | Villager (Male) |
| 10:51 | Create | Villager (Male) |
| 10:51 | Create | Villager (Male) |
| 11:16 | Build | Farm |
| 11:17 | Build | Farm |
| 11:18 | Build | Farm |
| 11:36 | Create | Villager (Male) |
| 11:37 | Build | Farm |
| 11:37 | Build | Farm |
| 11:53 | Create | Villager (Male) |
| 11:57 | Build | House |
| 12:01 | Create | Villager (Male) |
| 12:12 | Build | Palisade Wall |
| 12:22 | Create | Villager (Male) |
| 12:35 | Build | Archery Range |
| 12:50 | Create | Scout Cavalry |
| 12:56 | Create | Villager (Male) |
| 13:07 | Build | Palisade Wall |
| 13:13 | Build | House |
| 13:17 | Build | House |
| 13:18 | Build | Palisade Wall |
| 13:27 | Build | Mining Camp |
| 13:32 | Create | Archer |
| 13:38 | Build | Palisade Wall |
| 13:53 | Build | House |
| 13:57 | Build | Palisade Wall |
| 14:00 | Build | House |
| 14:11 | Create | Villager (Male) |
| 14:11 | Create | Villager (Male) |
| 14:23 | Create | Skirmisher |
| 14:23 | Create | Skirmisher |
| 14:26 | Create | Villager (Male) |
| 14:50 | Create | Villager (Male) |
| 14:55 | Build | Farm |
| 14:56 | Build | Farm |
| 14:57 | Build | Farm |
| 15:01 | Create | Villager (Male) |
| 15:06 | Build | Palisade Wall |
| 15:18 | Build | House |
| 15:27 | Create | Villager (Male) |
| 15:37 | Create | Skirmisher |
| 15:38 | Create | Skirmisher |
| 15:49 | Create | Villager (Male) |
| 15:51 | Build | Palisade Wall |
| 16:07 | Create | Villager (Male) |
| 16:07 | Create | Skirmisher |
| 16:38 | Build | Lumber Camp |
| 16:56 | Create | Skirmisher |
| 17:32 | Create | Villager (Male) |
| 17:32 | Create | Villager (Male) |
| 17:32 | Create | Villager (Male) |
| 17:44 | Create | Scout Cavalry |
| 17:44 | Create | Villager (Male) |
| 17:45 | Create | Villager (Male) |
| 17:49 | Create | Villager (Male) |
| 17:49 | Create | Villager (Male) |
| 17:51 | Build | Blacksmith |
| 18:01 | Create | Scout Cavalry |
| 18:02 | Create | Archer |
| 18:03 | Create | Archer |
| 18:04 | Create | Villager (Male) |
| 18:04 | Create | Villager (Male) |
| 18:06 | Build | Farm |
| 18:10 | Build | Farm |
| 18:11 | Research | Double-Bit Axe |
| 18:11 | Research | Double-Bit Axe |
| 18:20 | Build | House |
| 18:37 | Research | Fletching |
| 18:38 | Research | Fletching |
| 18:47 | Create | Villager (Male) |
| 18:52 | Build | Market |
| 19:12 | Create | Skirmisher |
| 19:12 | Create | Skirmisher |
| 19:37 | Build | Watch Tower |
| 19:44 | Build | House |
| 19:51 | Create | Villager (Male) |
| 20:12 | Build | Farm |
| 20:13 | Build | Farm |
| 20:13 | Create | Skirmisher |
| 20:14 | Create | Skirmisher |
| 20:14 | Create | Skirmisher |
| 20:36 | Research | Castle Age |
| 20:36 | Research | Castle Age |
| 20:44 | Build | Stable |
| 20:45 | Create | Scout Cavalry |
| 20:45 | Create | Scout Cavalry |
| 21:21 | Create | Scout Cavalry |
Match timeline
| 4:36 | JOJO ROAD ROLLER · first_building Barracks |
| 5:26 | DGHIR | chanchilaru · wall_segment Palisade Wall x1 |
| 6:54 | DGHIR | chanchilaru · wall_segment Palisade Wall x1 |
| 6:55 | DGHIR | chanchilaru · wall_segment Palisade Wall x1 |
| 6:55 | DGHIR | chanchilaru · wall_segment Palisade Wall x1 |
| 6:56 | DGHIR | chanchilaru · wall_segment Palisade Wall x1 |
| 6:58 | DGHIR | chanchilaru · wall_segment Palisade Wall x1 |
| 7:01 | DGHIR | chanchilaru · wall_segment Palisade Wall x1 |
| 7:55 | DGHIR | chanchilaru · first_building Barracks |
| 8:05 | DGHIR | chanchilaru · wall_segment Palisade Wall x1 |
| 8:33 | DGHIR | chanchilaru · age_up feudal |
| 9:00 | DGHIR | chanchilaru · first_building Stable |
| 9:25 | DGHIR | chanchilaru · wall_segment Palisade Wall x1 |
| 10:13 | DGHIR | chanchilaru · wall_segment Palisade Wall x1 |
| 10:15 | JOJO ROAD ROLLER · wall_segment Palisade Wall x1 |
| 10:16 | JOJO ROAD ROLLER · wall_segment Palisade Wall x1 |
| 10:20 | JOJO ROAD ROLLER · wall_segment Palisade Wall x1 |
| 10:20 | JOJO ROAD ROLLER · wall_segment Palisade Wall x1 |
| 10:22 | JOJO ROAD ROLLER · wall_segment Palisade Wall x1 |
| 10:32 | JOJO ROAD ROLLER · age_up feudal |
| 11:59 | JOJO ROAD ROLLER · first_building Archery Range |
| 12:12 | DGHIR | chanchilaru · wall_segment Palisade Wall x8 |
| 12:35 | DGHIR | chanchilaru · first_building Archery Range |
| 12:38 | JOJO ROAD ROLLER · wall_segment Palisade Wall x8 |
| 12:42 | JOJO ROAD ROLLER · wall_segment Palisade Wall x15 |
| 12:55 | JOJO ROAD ROLLER · wall_segment Palisade Wall x2 |
| 13:07 | DGHIR | chanchilaru · wall_segment Palisade Wall x1 |
| 13:18 | DGHIR | chanchilaru · wall_segment Palisade Wall x2 |
| 13:38 | DGHIR | chanchilaru · wall_segment Palisade Wall x5 |
| 13:57 | DGHIR | chanchilaru · wall_segment Palisade Wall x1 |
| 15:06 | DGHIR | chanchilaru · wall_segment Palisade Wall x9 |
| 15:51 | DGHIR | chanchilaru · wall_segment Palisade Wall x3 |
| 18:19 | JOJO ROAD ROLLER · wall_segment Palisade Wall x11 |
| 20:32 | DGHIR | chanchilaru · first_market_buy 100 food |
| 22:35 | DGHIR | chanchilaru · first_market_sell 100 wood |
| 23:16 | DGHIR | chanchilaru · age_up castle |
| 24:03 | JOJO ROAD ROLLER · age_up castle |
| 25:45 | JOJO ROAD ROLLER · first_building Monastery |
| 26:14 | DGHIR | chanchilaru · first_building Siege Workshop |
| 30:38 | DGHIR | chanchilaru · first_building Castle |
| 31:32 | DGHIR | chanchilaru · resign |
[ AI ANALYSIS · 1 CREDIT ]
What really happened in this match?
Wolo.gg analyzes every decision: build order, eco, micro, common mistakes by bracket. Personalized analysis on WhatsApp or Discord in 30 seconds.
Civ guide
Portuguese
Perfil
Jugador #12249685